MINNESOTA vs WINNIPEG

Created - June 21, 2021 at 09:57

Goals
1 2 3 T
MINNESOTA 1 1 0 2
WINNIPEG 1 0 2 3
Shots
1 2 3 T
MINNESOTA 9 5 7 21
WINNIPEG 6 10 16 32

1st period

1. MINNESOTA , Duncan Keith 1 (Bryan Rust 2, Ryan Pulock 1) at 1:19
2. WINNIPEG , Alex Ovechkin 2 (Patrick Kane 3, Marcus Pettersson 1) at 6:40

Penalties :
Jay Beagle (WPG) for Goalie Interference (Minor) at 3:38, Nic Dowd (WPG) for Hooking (Minor) at 10:06

2nd period

3. MINNESOTA , Zach Hyman 1 (Kris Russell 1, David Savard 1) at 19:52

Penalties :
Bryan Rust (MIN) for Hooking (Minor) at 4:29, Patric Hornqvist (WPG) for Holding (Minor) at 9:35, Alex Biega (WPG) for Cross-checking (Minor) at 17:37

3rd period

4. WINNIPEG , Sidney Crosby 1 (Chris Tanev 2, Patrick Kane 4) at 3:27
5. WINNIPEG , Patrick Kane 4 (Dan Hamhuis 1) at 17:53

Penalties :
Chris Tanev (WPG) for Cross-checking (Minor) at 0:56

Goalie Stats

Andrei Vasilevskiy (MIN), 29 saves from 32 shots - (0.906), L, 0-2-0, 59:28 minutes
Connor Hellebuyck (WPG), 19 saves from 21 shots - (0.905), W, 2-0-0, 60:00 minutes

Players Stats for MINNESOTA

Player Name              G  A  P  +/- PIM S  H  SB GA TA FO     MP     PP MP  PK MP  
------------------------------------------------------------------------------------
Anders Lee               0  0  0  -1  0   2  1  1  0  0  0/0    19:02   4:38   0:00 
Barclay Goodrow          0  0  0   0  0   0  0  0  0  0  0/0     1:37   0:46   0:30 
Brandon Tanev            0  0  0   0  0   0  0  0  0  0  0/0     1:29   0:00   1:29 
Bryan Rust               0  1  1  -1  2   5  2  0  0  0  0/0    21:45   3:56   0:00 
David Savard             0  1  1   0  0   1  1  0  0  0  0/0    16:17   0:00   1:02 
Duncan Keith             1  0  1   1  0   1  3  0  0  0  0/0    18:23   0:45   0:57 
Joe Thornton             0  0  0   1  0   1  2  0  0  0  9/20   18:35   4:13   0:00 
Johan Larsson            0  0  0  -1  0   0  0  0  0  0  0/0     3:35   1:38   0:30 
John Tavares             0  0  0  -1  0   0  0  0  0  0  13/26  22:55   4:38   0:00 
Kris Russell             0  1  1   0  0   0  0  0  0  0  0/0    16:13   0:58   0:00 
Kyle Connor              0  0  0   0  0   2  0  0  0  0  0/0    19:41   4:51   0:00 
Mark Giordano            0  0  0  -2  0   0  3  1  0  0  0/0    23:56   4:27   0:57 
Mats Zuccarello          0  0  0   0  0   3  1  0  0  0  0/1    15:26   0:00   0:00 
Nikita Kucherov          0  0  0   0  0   4  1  0  0  0  0/1    22:15   4:43   0:00 
Ryan Pulock              0  1  1   1  0   1  2  0  0  0  0/0    19:35   4:14   1:02 
Tomas Hertl              0  0  0   0  0   0  2  0  0  0  13/28  20:11   4:19   1:29 
Torey Krug               0  0  0  -2  0   0  4  0  0  0  0/0    20:53   4:43   0:00 
Zach Hyman               1  0  1   0  0   1  0  0  0  0  0/1    16:12   0:46   0:00 

Players Stats for WINNIPEG

Player Name              G  A  P  +/- PIM S  H  SB GA TA FO     MP     PP MP  PK MP  
------------------------------------------------------------------------------------
Alex Biega               0  0  0   0  2   1  0  0  0  0  0/0     4:09   0:00   0:00 
Alex Ovechkin            1  0  1   3  0   3  6  0  0  0  0/3    17:58   0:22   0:00 
Alexander Edler          0  0  0  -1  0   1  1  1  0  0  0/0    22:58   1:37   5:34 
Antoine Roussel          0  0  0   0  0   0  0  0  0  0  1/2     3:21   0:00   3:21 
Chris Tanev              0  1  1   1  2   1  0  1  0  0  0/0    18:12   0:22   3:18 
Dan Hamhuis              0  1  1   1  0   0  3  0  0  0  0/0    14:44   0:00   0:11 
Gustav Forsling          0  0  0  -1  0   0  0  1  0  0  0/0    15:47   0:00   0:00 
J.T. Miller              0  0  0  -1  0   8  2  0  0  0  7/15   19:42   1:17   3:32 
Jay Beagle               0  0  0  -1  2   1  7  0  0  0  19/28  20:42   1:17   3:49 
Jonah Gadjovich          0  0  0   0  0   0  0  0  0  0  0/0     0:00   0:00   0:00 
Justin Braun             0  0  0   0  0   0  0  0  0  0  0/0    10:43   1:37   4:56 
Loui Eriksson            0  0  0  -1  0   0  0  0  0  0  0/0    15:41   0:00   0:22 
Marcus Pettersson        0  1  1   1  0   1  1  0  0  0  0/0    17:57   0:00   4:21 
Nic Dowd                 0  0  0   0  2   1  0  1  0  0  1/2    18:44   0:00   5:00 
Oscar Fantenberg         0  0  0   1  0   0  2  0  0  0  0/0    15:06   0:00   1:30 
Patric Hornqvist         0  0  0  -1  2   2  1  0  0  0  1/1    16:09   1:17   0:00 
Patrick Kane             1  2  3   2  0   7  0  0  0  0  2/2    19:44   0:42   0:00 
Sidney Crosby            1  0  1   3  0   3  2  0  0  0  11/24  22:04   0:42   3:46 
Tyler Toffoli            0  0  0  -1  0   3  1  0  0  0  0/0    16:19   0:42   0:00 
Zack MacEwen             0  0  0   0  0   0  0  0  0  0  0/0     0:00   0:00   0:00 

3 Stars

1 - Alex Ovechkin (WPG)
2 - Patrick Kane (WPG)
3 - Sidney Crosby (WPG)

Power Play

MINNESOTA - 0 on 5 Attempt(s) - 0.00%
WINNIPEG - 0 on 1 Attempt(s) - 0.00%

Penalty Kill

MINNESOTA - 1 on 1 Attempt(s) - 100.00% - Score 0 goal in Penalty Kill
WINNIPEG - 5 on 5 Attempt(s) - 100.00% - Score 0 goal in Penalty Kill

Team Stat

MINNESOTA - Hits : 22 - Faceoff Wins : 35 - Blocked Shots : 2 - Penalty Minutes : 2
WINNIPEG - Hits : 26 - Faceoff Wins : 42 - Blocked Shots : 4 - Penalty Minutes : 10

Official

Referees : Justin St. Pierre and Manny Channa
Linesman : Scott Driscoll and Steven Berry

Game Notes

No Game Note

Finance

Level 1 -- Attendance: 6000 (100.00%) -- Ticket Income $516,000
Level 2 -- Attendance: 5000 (100.00%) -- Ticket Income $255,000
Level 3 -- Attendance: 2000 (100.00%) -- Ticket Income $2,000
Level 4 -- Attendance: 4000 (100.00%) -- Ticket Income $64,000
Luxury Box -- Attendance: 1000 (100.00%) -- Ticket Income $174,000
Game was played at the MTS Centre.
Total Attendance: 18000 (100.00%)
Total Ticket Income: $1,011,000
Total Income: $1,011,000

MINNESOTA

5 vs 5 Forward 
   Center                   Left Wing                Right Wing               Time % Phy DF OF 
 1 Tomas Hertl              Kyle Connor              Nikita Kucherov          31     0   1  4  
 2 John Tavares             Anders Lee               Bryan Rust               31     1   1  3  
 3 Joe Thornton             Mats Zuccarello          Zach Hyman               23     1   2  2  
 4 John Tavares             Bryan Rust               Nikita Kucherov          15     1   2  2  

5 vs 5 Defense 
   Defense                  Defense                                           Time % Phy DF OF 
 1 Mark Giordano            Torey Krug                                        35     1   1  3  
 2 Duncan Keith             Ryan Pulock                                       30     1   2  2  
 3 David Savard             Kris Russell                                      25     1   3  1  
 4 Mark Giordano            Duncan Keith                                      10     1   2  2  

PowerPlay Forward 
   Center                   Left Wing                Right Wing               Time % Phy DF OF 
 1 John Tavares             Anders Lee               Kyle Connor              60     1   1  3  
 2 Tomas Hertl              Bryan Rust               Joe Thornton             40     1   1  3  

PowerPlay Defense
   Defense                  Defense                                           Time % Phy DF OF 
 1 Torey Krug               Nikita Kucherov                                   60     0   1  4  
 2 Mark Giordano            Ryan Pulock                                       40     1   1  3  

Penalty Kill 4 Players Forward 
   Center                   Wing                     Time % Phy DF OF 
 1 Tomas Hertl              Brandon Tanev            60     1   2  2  
 2 Johan Larsson            Barclay Goodrow          40     1   3  1  

Penalty Kill 4 Players Defense
   Defense                  Defense                  Time % Phy DF OF 
 1 Mark Giordano            Duncan Keith             60     1   3  1  
 2 David Savard             Ryan Pulock              40     1   3  1  

Penalty Kill - 3 Players Forward 
   Forward                                           Time % Phy DF OF 
 1 Barclay Goodrow                                   60     1   4  0  
 2 Brandon Tanev                                     40     1   4  0  

Penalty Kill - 3 Players Defense
   Defense                  Defense                  Time % Phy DF OF 
 1 Mark Giordano            Duncan Keith             60     1   3  1  
 2 David Savard             Ryan Pulock              40     1   3  1  

4 vs 4 Forward 
   Center                   Wing                     Time % Phy DF OF 
 1 John Tavares             Nikita Kucherov          60     1   2  2  
 2 Tomas Hertl              Anders Lee               40     1   2  2  

4 vs 4 Defense
   Defense                  Defense                  Time % Phy DF OF 
 1 Mark Giordano            Torey Krug               60     1   1  3  
 2 Duncan Keith             Ryan Pulock              40     1   2  2  

Last Minutes Offensive
   Center                   Left Wing                Right Wing               Defense                  Defense                  
   John Tavares             Kyle Connor              Nikita Kucherov          Mark Giordano            Torey Krug               

Last Minutes Defensive
   Center                   Left Wing                Right Wing               Defense                  Defense                  
   Tomas Hertl              Brandon Tanev            Barclay Goodrow          Mark Giordano            Duncan Keith             

Goaltenders
Starting : Andrei Vasilevskiy       
Backup : Brian Elliott            

Extra Forwards
Normal : Johan Larsson, Joe Thornton, Mats Zuccarello - PP : Johan Larsson, Joe Thornton - PK : Mats Zuccarello
Extra Defensemen
Normal : Torey Krug, Kris Russell, David Savard - PP : Torey Krug - PK : Kris Russell, David Savard
Penalty Shots
Nikita Kucherov, John Tavares, Tomas Hertl, Anders Lee, Kyle Connor

Scratches
Brett Kulak (Healthy), Ryan Carpenter (Healthy), MIN Cap Hit (Healthy), Michael Stone (Healthy)

WINNIPEG

5 vs 5 Forward 
   Center                   Left Wing                Right Wing               Time % Phy DF OF 
 1 Jay Beagle               Patrick Kane             Tyler Toffoli            32     1   2  2  
 2 Sidney Crosby            Alex Ovechkin            Nic Dowd                 32     1   2  2  
 3 J.T. Miller              Patric Hornqvist         Loui Eriksson            26     1   2  2  
 4 Sidney Crosby            Patrick Kane             Alex Ovechkin            10     1   2  2  

5 vs 5 Defense 
   Defense                  Defense                                           Time % Phy DF OF 
 1 Alexander Edler          Gustav Forsling                                   35     1   2  2  
 2 Chris Tanev              Dan Hamhuis                                       31     1   2  2  
 3 Oscar Fantenberg         Marcus Pettersson                                 26     1   2  2  
 4 Alex Biega               Justin Braun                                      8      1   2  2  

PowerPlay Forward 
   Center                   Left Wing                Right Wing               Time % Phy DF OF 
 1 Jay Beagle               J.T. Miller              Patric Hornqvist         60     1   2  2  
 2 Sidney Crosby            Patrick Kane             Tyler Toffoli            40     1   2  2  

PowerPlay Defense
   Defense                  Defense                                           Time % Phy DF OF 
 1 Alexander Edler          Justin Braun                                      60     1   2  2  
 2 Chris Tanev              Alex Ovechkin                                     40     1   2  2  

Penalty Kill 4 Players Forward 
   Center                   Wing                     Time % Phy DF OF 
 1 Jay Beagle               Nic Dowd                 60     1   2  2  
 2 Sidney Crosby            J.T. Miller              40     1   2  2  

Penalty Kill 4 Players Defense
   Defense                  Defense                  Time % Phy DF OF 
 1 Alexander Edler          Justin Braun             60     1   2  2  
 2 Chris Tanev              Marcus Pettersson        40     1   2  2  

Penalty Kill - 3 Players Forward 
   Forward                                           Time % Phy DF OF 
 1 Jay Beagle                                        60     1   2  2  
 2 Sidney Crosby                                     40     1   2  2  

Penalty Kill - 3 Players Defense
   Defense                  Defense                  Time % Phy DF OF 
 1 Alexander Edler          Justin Braun             60     1   2  2  
 2 Chris Tanev              Marcus Pettersson        40     1   2  2  

4 vs 4 Forward 
   Center                   Wing                     Time % Phy DF OF 
 1 J.T. Miller              Patrick Kane             60     1   2  2  
 2 Sidney Crosby            Alex Ovechkin            40     1   2  2  

4 vs 4 Defense
   Defense                  Defense                  Time % Phy DF OF 
 1 Alexander Edler          Justin Braun             60     1   2  2  
 2 Chris Tanev              Marcus Pettersson        40     1   2  2  

Last Minutes Offensive
   Center                   Left Wing                Right Wing               Defense                  Defense                  
   Sidney Crosby            Alex Ovechkin            J.T. Miller              Tyler Toffoli            Patrick Kane             

Last Minutes Defensive
   Center                   Left Wing                Right Wing               Defense                  Defense                  
   Sidney Crosby            Alex Ovechkin            J.T. Miller              Alexander Edler          Chris Tanev              

Goaltenders
Starting : Connor Hellebuyck        
Backup : Louis Domingue           

Extra Forwards
Normal : Patric Hornqvist, Loui Eriksson, Antoine Roussel - PP : Patric Hornqvist, Loui Eriksson - PK : Antoine Roussel
Extra Defensemen
Normal : Jonah Gadjovich, Oscar Fantenberg, Dan Hamhuis - PP : Jonah Gadjovich - PK : Oscar Fantenberg, Dan Hamhuis
Penalty Shots
Alex Ovechkin, Patrick Kane, Sidney Crosby, J.T. Miller, Tyler Toffoli

Scratches
None


% Time on Ice - MINNESOTA

Lines # - Real PCT - Wanted PCT - Time Play
Normal Forward
1 - 30% - 31% - 14:23
2 - 30% - 31% - 14:24
3 - 32% - 23% - 15:26
4 - 7% - 15% - 3:26
Normal Defense
1 - 33% - 35% - 15:43
2 - 30% - 30% - 14:19
3 - 32% - 25% - 15:15
4 - 5% - 10% - 2:22
PP Forward
1 - 54% - 60% - 5:24
2 - 46% - 40% - 4:31
PP Defense
1 - 50% - 60% - 4:55
2 - 50% - 40% - 5:00
PK Forward
1 - 75% - 60% - 1:29
2 - 25% - 40% - 0:30
PK Defense
1 - 48% - 60% - 0:57
2 - 52% - 40% - 1:02
PK3 Forward
1 - 0% - 60%
2 - 0% - 40%
PK3 Defense
1 - 0% - 60%
2 - 0% - 40%
44 Forward
1 - 0% - 60%
2 - 0% - 40%
44 Defense
1 - 0% - 60%
2 - 0% - 40%
Last Minute Offensive  - 0:27
Last Minute Defensive  - 0:00
Total
Forward - 60:00
Defense - 60:00

% Time on Ice - WINNIPEG

Lines # - Real PCT - Wanted PCT - Time Play
Normal Forward
1 - 32% - 32% - 15:37
2 - 29% - 32% - 13:45
3 - 31% - 26% - 14:53
4 - 8% - 10% - 3:51
Normal Defense
1 - 33% - 35% - 15:47
2 - 30% - 31% - 14:33
3 - 28% - 26% - 13:36
4 - 9% - 8% - 4:10
PP Forward
1 - 65% - 60% - 1:17
2 - 35% - 40% - 0:42
PP Defense
1 - 82% - 60% - 1:37
2 - 18% - 40% - 0:22
PK Forward
1 - 64% - 60% - 6:23
2 - 36% - 40% - 3:32
PK Defense
1 - 56% - 60% - 5:34
2 - 44% - 40% - 4:21
PK3 Forward
1 - 0% - 60%
2 - 0% - 40%
PK3 Defense
1 - 0% - 60%
2 - 0% - 40%
44 Forward
1 - 0% - 60%
2 - 0% - 40%
44 Defense
1 - 0% - 60%
2 - 0% - 40%
Last Minute Offensive  - 0:00
Last Minute Defensive  - 0:00
Total
Forward - 60:00
Defense - 60:00

Play-by-Play

1st period


0:01 of 1st period - Tomas Hertl wins face-off versus Jay Beagle in neutral zone.
0:42 of 1st period - Kyle Connor is hit by Jay Beagle and loses puck.
1:17 of 1st period - Shot by Bryan Rust.
1:17 of 1st period - Shot Misses the Net.
1:19 of 1st period - Shot by Duncan Keith.
1:19 of 1st period - Goal by Duncan Keith - MINNESOTA : 1 - WINNIPEG : 0.
1:20 of 1st period - Nic Dowd wins face-off versus Joe Thornton in neutral zone.
1:33 of 1st period - Shot by Mats Zuccarello.
1:33 of 1st period - Stopped by Connor Hellebuyck without a rebound.
1:34 of 1st period - John Tavares wins face-off versus J.T. Miller in WINNIPEG zone.
1:43 of 1st period - Shot by J.T. Miller.
1:43 of 1st period - Shot Misses the Net.
1:58 of 1st period - Shot by Patric Hornqvist.
1:58 of 1st period - Stopped by Andrei Vasilevskiy without a rebound.
1:59 of 1st period - Joe Thornton wins face-off versus Sidney Crosby in MINNESOTA zone.
2:03 of 1st period - David Savard is hit by Dan Hamhuis and loses puck.
2:11 of 1st period - Joe Thornton is hit by Dan Hamhuis and loses puck.
2:53 of 1st period - Joe Thornton is hit by Oscar Fantenberg and loses puck.
3:01 of 1st period - Icing by Kris Russell.
3:02 of 1st period - Jay Beagle wins face-off versus Joe Thornton in MINNESOTA zone.
3:22 of 1st period - Mats Zuccarello is hit by Jay Beagle and loses puck.
3:38 of 1st period - Minor Penalty to Jay Beagle for Goalie Interference.
3:39 of 1st period - John Tavares wins face-off versus Antoine Roussel in WINNIPEG zone.
4:16 of 1st period - Shot by Nikita Kucherov.
4:16 of 1st period - Shot Blocked by Alexander Edler.
4:50 of 1st period - Shot by Bryan Rust.
4:50 of 1st period - Stopped by Connor Hellebuyck without a rebound.
4:51 of 1st period - Tomas Hertl wins face-off versus Sidney Crosby in WINNIPEG zone.
4:56 of 1st period - Shot by Bryan Rust.
4:56 of 1st period - Stopped by Connor Hellebuyck without a rebound.
4:57 of 1st period - Antoine Roussel wins face-off versus Tomas Hertl in WINNIPEG zone.
6:40 of 1st period - Shot by Alex Ovechkin.
6:40 of 1st period - Goal by Alex Ovechkin - MINNESOTA : 1 - WINNIPEG : 1.
6:41 of 1st period - Patrick Kane wins face-off versus Joe Thornton in neutral zone.
7:05 of 1st period - Shot by Tyler Toffoli.
7:05 of 1st period - Shot Misses the Net.
7:07 of 1st period - Shot by Jay Beagle.
7:07 of 1st period - Shot Misses the Net.
7:13 of 1st period - Shot by Patrick Kane.
7:13 of 1st period - Stopped by Andrei Vasilevskiy without a rebound.
7:14 of 1st period - John Tavares wins face-off versus Sidney Crosby in MINNESOTA zone.
7:14 of 1st period - John Tavares is hit by Sidney Crosby.
7:17 of 1st period - Bryan Rust is hit by Alex Ovechkin.
8:13 of 1st period - J.T. Miller is hit by Torey Krug and loses puck.
8:18 of 1st period - Shot by J.T. Miller.
8:18 of 1st period - Stopped by Andrei Vasilevskiy without a rebound.
8:19 of 1st period - Joe Thornton wins face-off versus Jay Beagle in MINNESOTA zone.
8:19 of 1st period - Ryan Pulock is hit by Jay Beagle and loses puck.
9:40 of 1st period - Shot by Patric Hornqvist.
9:40 of 1st period - Shot Misses the Net.
9:55 of 1st period - Icing by Mark Giordano.
9:56 of 1st period - Tomas Hertl wins face-off versus Sidney Crosby in MINNESOTA zone.
10:06 of 1st period - Minor Penalty to Nic Dowd for Hooking.
10:07 of 1st period - Jay Beagle wins face-off versus John Tavares in WINNIPEG zone.
10:33 of 1st period - Shot by Duncan Keith.
10:33 of 1st period - Shot Hit the Post.
10:35 of 1st period - Shot by Ryan Pulock.
10:35 of 1st period - Shot Misses the Net.
10:39 of 1st period - Shot by Anders Lee.
10:39 of 1st period - Stopped by Connor Hellebuyck without a rebound.
10:40 of 1st period - Sidney Crosby wins face-off versus Tomas Hertl in WINNIPEG zone.
11:37 of 1st period - Shot by Ryan Pulock.
11:37 of 1st period - Stopped by Connor Hellebuyck with a rebound.
11:39 of 1st period - Shot by John Tavares.
11:39 of 1st period - Shot Misses the Net.
12:03 of 1st period - Off-side.
12:04 of 1st period - Tomas Hertl wins face-off versus Sidney Crosby in neutral zone.
12:47 of 1st period - Icing by Gustav Forsling.
12:48 of 1st period - John Tavares wins face-off versus J.T. Miller in WINNIPEG zone.
13:22 of 1st period - Shot by Bryan Rust.
13:22 of 1st period - Stopped by Connor Hellebuyck without a rebound.
13:23 of 1st period - Jay Beagle wins face-off versus Tomas Hertl in WINNIPEG zone.
13:51 of 1st period - Patrick Kane is hit by Mark Giordano and loses puck.
14:05 of 1st period - Icing by Torey Krug.
14:06 of 1st period - Tomas Hertl wins face-off versus Sidney Crosby in MINNESOTA zone.
14:06 of 1st period - Tomas Hertl is hit by Alex Ovechkin.
15:28 of 1st period - Shot by J.T. Miller.
15:28 of 1st period - Shot Blocked by Anders Lee.
16:40 of 1st period - Icing by Johan Larsson.
16:41 of 1st period - Tomas Hertl wins face-off versus Sidney Crosby in MINNESOTA zone.
16:41 of 1st period - Mark Giordano is hit by Alex Ovechkin and loses puck.
16:52 of 1st period - Icing by Oscar Fantenberg.
16:53 of 1st period - John Tavares wins face-off versus Alex Ovechkin in WINNIPEG zone.
16:54 of 1st period - Shot by Bryan Rust.
16:54 of 1st period - Stopped by Connor Hellebuyck with a rebound.
17:22 of 1st period - Shot by Alex Ovechkin.
17:22 of 1st period - Shot Misses the Net.
17:24 of 1st period - Shot by Alex Ovechkin.
17:24 of 1st period - Stopped by Andrei Vasilevskiy without a rebound.
17:25 of 1st period - J.T. Miller wins face-off versus Tomas Hertl in MINNESOTA zone.
17:30 of 1st period - Shot by J.T. Miller.
17:30 of 1st period - Deflect By Loui Eriksson.
17:30 of 1st period - Shot Misses the Net.
17:39 of 1st period - Nikita Kucherov is hit by Dan Hamhuis and loses puck.
17:42 of 1st period - Shot by Kyle Connor.
17:42 of 1st period - Stopped by Connor Hellebuyck without a rebound.
17:43 of 1st period - Patrick Kane wins face-off versus Joe Thornton in WINNIPEG zone.
18:00 of 1st period - Icing by Sidney Crosby.
18:01 of 1st period - Sidney Crosby wins face-off versus Tomas Hertl in WINNIPEG zone.
18:07 of 1st period - Off-side.
18:08 of 1st period - John Tavares wins face-off versus J.T. Miller in neutral zone.
18:27 of 1st period - Nikita Kucherov is hit by J.T. Miller and loses puck.
18:46 of 1st period - Shot by J.T. Miller.
18:46 of 1st period - Stopped by Andrei Vasilevskiy with a rebound.
18:54 of 1st period - J.T. Miller is hit by Bryan Rust and loses puck.
19:21 of 1st period - Mats Zuccarello is hit by Alexander Edler and loses puck.
19:33 of 1st period - Icing by David Savard.
19:34 of 1st period - Jay Beagle wins face-off versus Joe Thornton in MINNESOTA zone.
19:49 of 1st period - Shot by Patrick Kane.
19:49 of 1st period - Shot Misses the Net.
Goals for this period are 1 for MINNESOTA vs 1 for WINNIPEG.
Shots for this period are 9 for MINNESOTA vs 6 for WINNIPEG.

2nd period


0:01 of 2nd period - Sidney Crosby wins face-off versus John Tavares in neutral zone.
1:11 of 2nd period - Shot by Kyle Connor.
1:11 of 2nd period - Stopped by Connor Hellebuyck without a rebound.
1:12 of 2nd period - J.T. Miller wins face-off versus Joe Thornton in WINNIPEG zone.
1:21 of 2nd period - Shot by J.T. Miller.
1:21 of 2nd period - Stopped by Andrei Vasilevskiy with a rebound.
1:31 of 2nd period - Shot by Mats Zuccarello.
1:31 of 2nd period - Shot Misses the Net.
1:37 of 2nd period - Shot by Mats Zuccarello.
1:37 of 2nd period - Stopped by Connor Hellebuyck without a rebound.
1:38 of 2nd period - Jay Beagle wins face-off versus Nikita Kucherov in WINNIPEG zone.
1:38 of 2nd period - Jay Beagle is hit by Tomas Hertl.
2:20 of 2nd period - Kyle Connor is hit by Tyler Toffoli and loses puck.
2:42 of 2nd period - John Tavares is hit by Marcus Pettersson and loses puck.
2:46 of 2nd period - Icing by Patrick Kane.
2:47 of 2nd period - Joe Thornton wins face-off versus Jay Beagle in WINNIPEG zone.
3:05 of 2nd period - Zach Hyman is hit by Alex Ovechkin and loses puck.
3:52 of 2nd period - Shot by Anders Lee.
3:52 of 2nd period - Shot Misses the Net.
3:54 of 2nd period - Shot by Mark Giordano.
3:54 of 2nd period - Shot Misses the Net.
4:29 of 2nd period - Minor Penalty to Bryan Rust for Hooking.
4:30 of 2nd period - Sidney Crosby wins face-off versus Tomas Hertl in MINNESOTA zone.
4:37 of 2nd period - Shot by Patrick Kane.
4:37 of 2nd period - Deflect By Sidney Crosby.
4:37 of 2nd period - Stopped by Andrei Vasilevskiy without a rebound.
4:38 of 2nd period - Sidney Crosby wins face-off versus Tomas Hertl in MINNESOTA zone.
5:21 of 2nd period - Shot by Alex Ovechkin.
5:21 of 2nd period - Stopped by Andrei Vasilevskiy without a rebound.
5:22 of 2nd period - Jay Beagle wins face-off versus Tomas Hertl in MINNESOTA zone.
5:31 of 2nd period - Shot by Chris Tanev.
5:31 of 2nd period - Shot Blocked by Mark Giordano.
5:33 of 2nd period - Shot by J.T. Miller.
5:33 of 2nd period - Stopped by Andrei Vasilevskiy without a rebound.
5:34 of 2nd period - Tomas Hertl wins face-off versus Jay Beagle in MINNESOTA zone.
5:54 of 2nd period - Icing by Jay Beagle.
5:55 of 2nd period - Jay Beagle wins face-off versus Tomas Hertl in WINNIPEG zone.
6:36 of 2nd period - Bryan Rust is hit by Sidney Crosby and loses puck.
6:46 of 2nd period - Patrick Kane is hit by David Savard and loses puck.
7:01 of 2nd period - Shot by Bryan Rust.
7:01 of 2nd period - Deflect By Anders Lee.
7:01 of 2nd period - Shot Misses the Net.
7:42 of 2nd period - Shot by Jay Beagle.
7:42 of 2nd period - Stopped by Andrei Vasilevskiy without a rebound.
7:43 of 2nd period - Tomas Hertl wins face-off versus Sidney Crosby in MINNESOTA zone.
7:59 of 2nd period - Alex Ovechkin is hit by Torey Krug and loses puck.
8:11 of 2nd period - Sidney Crosby is hit by Torey Krug and loses puck.
8:24 of 2nd period - Shot by Nikita Kucherov.
8:24 of 2nd period - Deflect By Tomas Hertl.
8:24 of 2nd period - Shot Misses the Net.
8:44 of 2nd period - Off-side.
8:45 of 2nd period - Jay Beagle wins face-off versus Mats Zuccarello in neutral zone.
8:51 of 2nd period - Off-side.
8:52 of 2nd period - Joe Thornton wins face-off versus Jay Beagle in neutral zone.
9:35 of 2nd period - Minor Penalty to Patric Hornqvist for Holding.
9:36 of 2nd period - Sidney Crosby wins face-off versus John Tavares in WINNIPEG zone.
11:20 of 2nd period - Off-side.
11:21 of 2nd period - Sidney Crosby wins face-off versus John Tavares in neutral zone.
12:06 of 2nd period - Shot by Mats Zuccarello.
12:06 of 2nd period - Stopped by Connor Hellebuyck without a rebound.
12:07 of 2nd period - Patric Hornqvist wins face-off versus Tomas Hertl in WINNIPEG zone.
12:28 of 2nd period - Shot by J.T. Miller.
12:28 of 2nd period - Stopped by Andrei Vasilevskiy without a rebound.
12:29 of 2nd period - Jay Beagle wins face-off versus John Tavares in MINNESOTA zone.
12:36 of 2nd period - Shot by Patrick Kane.
12:36 of 2nd period - Stopped by Andrei Vasilevskiy with a rebound.
13:30 of 2nd period - Shot by Nic Dowd.
13:30 of 2nd period - Stopped by Andrei Vasilevskiy without a rebound.
13:31 of 2nd period - Tomas Hertl wins face-off versus J.T. Miller in MINNESOTA zone.
13:43 of 2nd period - Tomas Hertl is hit by Oscar Fantenberg and loses puck.
14:02 of 2nd period - Shot by Marcus Pettersson.
14:02 of 2nd period - Stopped by Andrei Vasilevskiy without a rebound.
14:03 of 2nd period - Joe Thornton wins face-off versus Sidney Crosby in MINNESOTA zone.
14:14 of 2nd period - Shot by Zach Hyman.
14:14 of 2nd period - Shot Misses the Net.
16:00 of 2nd period - Icing by Mark Giordano.
16:01 of 2nd period - J.T. Miller wins face-off versus Tomas Hertl in MINNESOTA zone.
16:01 of 2nd period - J.T. Miller is hit by Torey Krug.
16:05 of 2nd period - Shot by J.T. Miller.
16:05 of 2nd period - Stopped by Andrei Vasilevskiy without a rebound.
16:06 of 2nd period - J.T. Miller wins face-off versus John Tavares in MINNESOTA zone.
16:06 of 2nd period - J.T. Miller is hit by Ryan Pulock.
16:34 of 2nd period - Loui Eriksson is hit by Ryan Pulock.
16:39 of 2nd period - J.T. Miller is hit by Duncan Keith and loses puck.
17:04 of 2nd period - Alex Ovechkin is hit by Duncan Keith.
17:37 of 2nd period - Minor Penalty to Alex Biega for Cross-checking.
17:38 of 2nd period - Jay Beagle wins face-off versus Tomas Hertl in WINNIPEG zone.
17:38 of 2nd period - Jay Beagle is hit by Tomas Hertl.
17:54 of 2nd period - Shot by Torey Krug.
17:54 of 2nd period - Shot Misses the Net.
17:56 of 2nd period - Shot by Joe Thornton.
17:56 of 2nd period - Shot Misses the Net.
18:08 of 2nd period - Shot by Joe Thornton.
18:08 of 2nd period - Shot Blocked by Chris Tanev.
19:08 of 2nd period - Shot by Joe Thornton.
19:08 of 2nd period - Shot Blocked by Nic Dowd.
19:12 of 2nd period - Shot by Nikita Kucherov.
19:12 of 2nd period - Stopped by Connor Hellebuyck without a rebound.
19:13 of 2nd period - Sidney Crosby wins face-off versus John Tavares in WINNIPEG zone.
19:50 of 2nd period - Shot by Zach Hyman.
19:50 of 2nd period - Shot Misses the Net.
19:52 of 2nd period - Shot by Zach Hyman.
19:52 of 2nd period - Goal by Zach Hyman - MINNESOTA : 2 - WINNIPEG : 1.
19:53 of 2nd period - Sidney Crosby wins face-off versus John Tavares in neutral zone.
Goals for this period are 1 for MINNESOTA vs 0 for WINNIPEG.
Shots for this period are 5 for MINNESOTA vs 10 for WINNIPEG.

3rd period


0:01 of 3rd period - John Tavares wins face-off versus Sidney Crosby in neutral zone.
0:31 of 3rd period - Icing by Bryan Rust.
0:32 of 3rd period - John Tavares wins face-off versus Jay Beagle in MINNESOTA zone.
0:32 of 3rd period - John Tavares is hit by Jay Beagle.
0:56 of 3rd period - Minor Penalty to Chris Tanev for Cross-checking.
0:57 of 3rd period - John Tavares wins face-off versus Jay Beagle in WINNIPEG zone.
1:18 of 3rd period - Shot by Sidney Crosby.
1:18 of 3rd period - Shot Misses the Net.
1:52 of 3rd period - Alexander Edler is hit by Joe Thornton and loses puck.
2:11 of 3rd period - Icing by Joe Thornton.
2:12 of 3rd period - Jay Beagle wins face-off versus Tomas Hertl in MINNESOTA zone.
3:09 of 3rd period - Shot by Patrick Kane.
3:09 of 3rd period - Stopped by Andrei Vasilevskiy with a rebound.
3:27 of 3rd period - Shot by Sidney Crosby.
3:27 of 3rd period - Goal by Sidney Crosby - MINNESOTA : 2 - WINNIPEG : 2.
3:28 of 3rd period - Tomas Hertl wins face-off versus J.T. Miller in neutral zone.
3:48 of 3rd period - Shot by J.T. Miller.
3:48 of 3rd period - Stopped by Andrei Vasilevskiy without a rebound.
3:49 of 3rd period - Jay Beagle wins face-off versus Joe Thornton in MINNESOTA zone.
4:17 of 3rd period - Icing by Mark Giordano.
4:18 of 3rd period - Joe Thornton wins face-off versus Sidney Crosby in MINNESOTA zone.
4:20 of 3rd period - Icing by Mark Giordano.
4:21 of 3rd period - Joe Thornton wins face-off versus Nic Dowd in MINNESOTA zone.
5:20 of 3rd period - Shot by John Tavares.
5:20 of 3rd period - Shot Misses the Net.
5:52 of 3rd period - Shot by Nikita Kucherov.
5:52 of 3rd period - Stopped by Connor Hellebuyck without a rebound.
5:53 of 3rd period - Jay Beagle wins face-off versus Tomas Hertl in WINNIPEG zone.
6:02 of 3rd period - Shot by Tyler Toffoli.
6:02 of 3rd period - Stopped by Andrei Vasilevskiy with a rebound.
6:08 of 3rd period - Shot by Jay Beagle.
6:08 of 3rd period - Shot Misses the Net.
6:10 of 3rd period - Shot by Chris Tanev.
6:10 of 3rd period - Shot Misses the Net.
6:12 of 3rd period - Shot by Tyler Toffoli.
6:12 of 3rd period - Stopped by Andrei Vasilevskiy without a rebound.
6:13 of 3rd period - J.T. Miller wins face-off versus Zach Hyman in MINNESOTA zone.
6:21 of 3rd period - Off-side.
6:22 of 3rd period - Jay Beagle wins face-off versus John Tavares in neutral zone.
6:51 of 3rd period - Shot by Chris Tanev.
6:51 of 3rd period - Stopped by Andrei Vasilevskiy without a rebound.
6:52 of 3rd period - Tomas Hertl wins face-off versus J.T. Miller in MINNESOTA zone.
6:52 of 3rd period - Tomas Hertl is hit by J.T. Miller.
7:10 of 3rd period - Shot by Nikita Kucherov.
7:10 of 3rd period - Stopped by Connor Hellebuyck without a rebound.
7:11 of 3rd period - Jay Beagle wins face-off versus Joe Thornton in WINNIPEG zone.
7:11 of 3rd period - Jay Beagle is hit by Joe Thornton.
7:14 of 3rd period - Tyler Toffoli is hit by Mats Zuccarello and loses puck.
7:21 of 3rd period - Shot by Patrick Kane.
7:21 of 3rd period - Stopped by Andrei Vasilevskiy without a rebound.
7:22 of 3rd period - John Tavares wins face-off versus J.T. Miller in MINNESOTA zone.
7:22 of 3rd period - John Tavares is hit by Patric Hornqvist.
8:04 of 3rd period - Shot by Nikita Kucherov.
8:04 of 3rd period - Stopped by Connor Hellebuyck without a rebound.
8:05 of 3rd period - Joe Thornton wins face-off versus Alex Ovechkin in WINNIPEG zone.
8:36 of 3rd period - Shot by Zach Hyman.
8:36 of 3rd period - Shot Misses the Net.
8:38 of 3rd period - Shot by Duncan Keith.
8:38 of 3rd period - Shot Blocked by Gustav Forsling.
8:40 of 3rd period - Shot by Duncan Keith.
8:40 of 3rd period - Shot Misses the Net.
8:46 of 3rd period - Shot by Joe Thornton.
8:46 of 3rd period - Stopped by Connor Hellebuyck without a rebound.
8:47 of 3rd period - Tomas Hertl wins face-off versus Jay Beagle in WINNIPEG zone.
9:08 of 3rd period - Icing by Marcus Pettersson.
9:09 of 3rd period - Jay Beagle wins face-off versus John Tavares in WINNIPEG zone.
9:21 of 3rd period - Bryan Rust is hit by Jay Beagle and loses puck.
9:26 of 3rd period - Patrick Kane is hit by Anders Lee and loses puck.
9:45 of 3rd period - Shot by John Tavares.
9:45 of 3rd period - Shot Misses the Net.
9:47 of 3rd period - Shot by Bryan Rust.
9:47 of 3rd period - Shot Misses the Net.
10:37 of 3rd period - Shot by Sidney Crosby.
10:37 of 3rd period - Shot Misses the Net.
10:43 of 3rd period - Duncan Keith is hit by Alex Ovechkin and loses puck.
10:58 of 3rd period - Dan Hamhuis is hit by Nikita Kucherov and loses puck.
11:12 of 3rd period - J.T. Miller is hit by Duncan Keith.
11:42 of 3rd period - Off-side.
11:43 of 3rd period - Sidney Crosby wins face-off versus John Tavares in neutral zone.
11:43 of 3rd period - Alex Ovechkin is hit by Bryan Rust.
11:50 of 3rd period - Sidney Crosby is hit by Mark Giordano and loses puck.
12:01 of 3rd period - Shot by Anders Lee.
12:01 of 3rd period - Stopped by Connor Hellebuyck without a rebound.
12:02 of 3rd period - Jay Beagle wins face-off versus Joe Thornton in WINNIPEG zone.
12:09 of 3rd period - Mats Zuccarello is hit by Jay Beagle.
12:31 of 3rd period - Shot by Patrick Kane.
12:31 of 3rd period - Stopped by Andrei Vasilevskiy without a rebound.
12:32 of 3rd period - John Tavares wins face-off versus Sidney Crosby in MINNESOTA zone.
12:32 of 3rd period - John Tavares is hit by Alex Ovechkin.
13:00 of 3rd period - Shot by Bryan Rust.
13:00 of 3rd period - Shot Misses the Net.
13:02 of 3rd period - Shot by Anders Lee.
13:02 of 3rd period - Shot Misses the Net.
13:14 of 3rd period - Shot by Bryan Rust.
13:14 of 3rd period - Stopped by Connor Hellebuyck without a rebound.
13:15 of 3rd period - Joe Thornton wins face-off versus J.T. Miller in WINNIPEG zone.
13:28 of 3rd period - Shot by David Savard.
13:28 of 3rd period - Stopped by Connor Hellebuyck with a rebound.
13:30 of 3rd period - Shot by Mats Zuccarello.
13:30 of 3rd period - Shot Misses the Net.
13:42 of 3rd period - Shot by Mats Zuccarello.
13:42 of 3rd period - Shot Misses the Net.
14:24 of 3rd period - Icing by Patrick Kane.
14:25 of 3rd period - Jay Beagle wins face-off versus John Tavares in WINNIPEG zone.
16:19 of 3rd period - Icing by Sidney Crosby.
16:20 of 3rd period - Sidney Crosby wins face-off versus John Tavares in WINNIPEG zone.
16:40 of 3rd period - Shot by J.T. Miller.
16:40 of 3rd period - Shot Misses the Net.
16:44 of 3rd period - Shot by Patric Hornqvist.
16:44 of 3rd period - Shot Misses the Net.
16:46 of 3rd period - Shot by Alexander Edler.
16:46 of 3rd period - Stopped by Andrei Vasilevskiy without a rebound.
16:47 of 3rd period - Jay Beagle wins face-off versus Joe Thornton in MINNESOTA zone.
16:56 of 3rd period - Shot by Patrick Kane.
16:56 of 3rd period - Shot Misses the Net.
16:58 of 3rd period - Shot by Justin Braun.
16:58 of 3rd period - Shot Misses the Net.
17:13 of 3rd period - Shot by Patrick Kane.
17:13 of 3rd period - Shot Hit the Post.
17:15 of 3rd period - Shot by Jay Beagle.
17:15 of 3rd period - Deflect By Patrick Kane.
17:15 of 3rd period - Stopped by Andrei Vasilevskiy with a rebound.
17:17 of 3rd period - Shot by Tyler Toffoli.
17:17 of 3rd period - Deflect By Patrick Kane.
17:17 of 3rd period - Shot Misses the Net.
17:19 of 3rd period - Shot by Alex Biega.
17:19 of 3rd period - Stopped by Andrei Vasilevskiy without a rebound.
17:20 of 3rd period - J.T. Miller wins face-off versus Tomas Hertl in MINNESOTA zone.
17:45 of 3rd period - Shot by J.T. Miller.
17:45 of 3rd period - Stopped by Andrei Vasilevskiy without a rebound.
17:46 of 3rd period - John Tavares wins face-off versus Sidney Crosby in MINNESOTA zone.
17:53 of 3rd period - Shot by Patrick Kane.
17:53 of 3rd period - Goal by Patrick Kane - MINNESOTA : 2 - WINNIPEG : 3.
17:54 of 3rd period - John Tavares wins face-off versus Alex Ovechkin in neutral zone.
18:12 of 3rd period - Shot by Sidney Crosby.
18:12 of 3rd period - Shot Misses the Net.
18:14 of 3rd period - Shot by Nic Dowd.
18:14 of 3rd period - Shot Misses the Net.
18:21 of 3rd period - Alex Ovechkin is hit by Mark Giordano and loses puck.
18:26 of 3rd period - Shot by Sidney Crosby.
18:26 of 3rd period - Stopped by Andrei Vasilevskiy without a rebound.
18:27 of 3rd period - Tomas Hertl wins face-off versus Jay Beagle in MINNESOTA zone.
18:27 of 3rd period - Kyle Connor is hit by Jay Beagle and loses puck.
18:32 of 3rd period - Shot by Patrick Kane.
18:32 of 3rd period - Shot Misses the Net.
18:46 of 3rd period - Shot by Tyler Toffoli.
18:46 of 3rd period - Shot Misses the Net.
18:48 of 3rd period - Shot by Tyler Toffoli.
18:48 of 3rd period - Stopped by Andrei Vasilevskiy without a rebound.
18:49 of 3rd period - J.T. Miller wins face-off versus Joe Thornton in MINNESOTA zone.
19:22 of 3rd period - Shot by Patric Hornqvist.
19:22 of 3rd period - Stopped by Andrei Vasilevskiy with a rebound.
19:28 of 3rd period - MINNESOTA, Andrei Vasilevskiy is pulled from the net.
19:48 of 3rd period - Shot by Nikita Kucherov.
19:48 of 3rd period - Deflect By John Tavares.
19:48 of 3rd period - Shot Misses the Net.
Goals for this period are 0 for MINNESOTA vs 2 for WINNIPEG.
Shots for this period are 7 for MINNESOTA vs 16 for WINNIPEG.